cohdb
Replays
Latest Replays
All Replays
Popular Replays
Top Player Replays
Match Explorer
How It Works
Community
CoH3 Stats
Reddit
Sign in to upload your games and track your stats! →
Sign in with Steam
Match 43777017
Unlisted
Match 43777017
Overview
Messages
Build Orders
End
Construct Section Command Post
Infantry Section
Infantry Section
Infantry Section
Construct Platoon Command Post
CMP 15cwt Truck
Unlock M3 Stuart Light Tanks
M3 Stuart Light Tank
Selects Air and Sea Battlegroup
Selects Commando Section Paradrop
Selects Commando Support Section Paradrop
Commando Support Section Paradrop
Commando Section Paradrop
Royal Engineer Section
Forward Retreat Point
Infantry Training
Construct Company Command Post
Selects Incendiary Bombing Run
Incendiary Bombing Run
Grenade Package
Crusader II Medium Tank
Selects Naval Blockade
Light Vehicle Training
Selects UNKNOWN (223837)
Incendiary Bombing Run
Crusader II Medium Tank
Incendiary Bombing Run
Selects Naval Bombardment
Centaur IV Medium Tank
Centaur IV Medium Tank
7 DIVISAO PHANTOM
Serial Chiller
Adol-Eth
Mr.Y
asdasd
就TM你叫夏洛啊
UltraM
onebit52930
0
0
Comments
sign in to comment!
No comments posted yet!